 Dungeon Sprint DCSS version 0.26-a0-30-g56b8cd3df0 (webtiles) character file.

Game seed: 8106101359455226979, levelgen mode: deterministic

136757 Kidiri the Naga Aeon (level 17, -1/190 HPs)
             Began as a Naga Fighter on May 31, 2020.
             Was the Champion of Cheibriados.
             Killed from afar by a frost giant (5 damage)
             ... with a bolt of cold
             ... in the Dungeon (Sprint V: "Ziggurat Sprint").
             The game lasted 00:14:54 (3252 turns).

Kidiri the Naga Aeon (Naga Fighter)                 Turns: 3252, Time: 00:14:55

Health: -1/190     AC: 34    Str: 33    XL:     17   Next: 22%
Magic:  3/29       EV: 19    Int: 24    God:    Cheibriados [******]
Gold:   0          SH: 37    Dex: 33    Spells: 16/16 levels left

rFire    + + +     SeeInvis +   o - +7 long sword of the Living Dead {flame, +Inv rElec rF++ SInv}
rCold    + . .     Gourm    .   H - +18 shield of the Gong {rElec rN+ MR+ EV-5}
rNeg     + + .     Faith    .   G - +15 Maxwell's patent armour {-Cast -Tele rElec MR+ rCorr}
rPois    +         Spirit   .   (no helmet)
rElec    +         Reflect  .   (no cloak)
rCorr    +         Harm     .   (no gloves)
MR       +++++     NoTele   +   (no barding) Stlth ..........NoCast +
                                (no amulet)
HPRegen  0.41/turn              K - ring of the Lily {rF+ rN+ EV+4 Stlth+}
MPRegen  0.21/turn              h - ring of Rakhur {rElec rC+ MR+ Slay+4 Stlth+}

@: very slow
A: large, see invisible, deformed body, deterioration 2, low mp 1, poison
resistance, screaming 1, slowness 2, slow metabolism 1, spit poison 1, subdued
magic 2, constrict 1, AC +5
a: Spit Poison, Bend Time, Temporal Distortion, Slouch, Step From Time, Renounce
Religion, Evoke Invisibility


You were in the Dungeon.
You worshipped Cheibriados.
Cheibriados was exalted by your worship.
You were not hungry.

You visited 1 branch

Inventory:

Hand Weapons
 o - the +7 long sword of the Living Dead (weapon) {flame, +Inv rElec rF++ SInv}
   (You took it off a mummy priest in the Dungeon)

   It has been specially enchanted to burn those struck by it, causing extra
   injury to most foes and up to half again as much damage against particularly
   susceptible opponents.
   Big, fiery blades are also staple armaments of hydra-hunters.
   It greatly protects you from fire.
   It insulates you from electricity.
   It lets you see invisible.
   It lets you turn invisible.
Armour
 G - the +15 Maxwell's patent armour (worn) {-Cast -Tele rElec MR+ rCorr}
   (You found it in the Dungeon)

   It insulates you from electricity.
   It affects your resistance to hostile enchantments.
   It prevents spellcasting.
   It prevents most forms of teleportation.
   It provides partial protection from all sources of acid and corrosion.
 H - the +18 shield of the Gong (worn) {rElec rN+ MR+ EV-5}
   (You found it in the Dungeon)

   It affects your evasion (-5).
   It insulates you from electricity.
   It protects you from negative energy.
   It affects your resistance to hostile enchantments.
Jewellery
 a - the ring of the Shrike {rPois rC- MR++ Str+6 Stlth+}
   (You found it in the Dungeon)

   [ring of strength]

   It affects your strength (+6).
   It makes you vulnerable to cold.
   It protects you from poison.
   It affects your resistance to hostile enchantments.
   It makes you more stealthy.
 b - the amulet of Popuamaz {RegenMP Dex+3 SInv Stlth-}
   (You found it in the Dungeon)

   [amulet of magic regeneration]

   It increases your magic regeneration.
   It affects your dexterity (+3).
   It lets you see invisible.
   It makes you less stealthy.
 c - an uncursed amulet of regeneration
 h - the ring of Rakhur (right hand) {rElec rC+ MR+ Slay+4 Stlth+}
   (You found it in the Dungeon)

   [ring of slaying]

   It affects your accuracy and damage with ranged weapons and melee attacks
   (+4).
   It protects you from cold.
   It insulates you from electricity.
   It affects your resistance to hostile enchantments.
   It makes you more stealthy.
 j - the ring "Okkoso" {rPois Int+5}
   (You found it in the Dungeon)

   [ring of poison resistance]

   It affects your intelligence (+5).
   It protects you from poison.
 A - a +6 ring of strength
 B - the ring "Niepusetay" {Ice +Inv Str+4 Int-4}
   (You found it in the Dungeon)

   [ring of ice]

   It enhances your ice magic.
   It affects your strength (+4).
   It affects your intelligence (-4).
   It makes you vulnerable to fire.
   It protects you from cold.
   It lets you turn invisible.
 C - the ring of Atheism {rElec rC+ MR+ MP+9 Int-4 SInv}
   (You found it in the Dungeon)

   [ring of magical power]

   It affects your intelligence (-4).
   It protects you from cold.
   It insulates you from electricity.
   It affects your resistance to hostile enchantments.
   It affects your magic capacity (+9).
   It lets you see invisible.
 I - the ring "Louterek" {*Drain +Fly rC++ MR+++}
   (You found it in the Dungeon)

   [ring of flight]

   It greatly protects you from cold.
   It affects your resistance to hostile enchantments.
   It lets you fly.
   It causes draining when unequipped.
 K - the ring of the Lily (left hand) {rF+ rN+ EV+4 Stlth+}
   (You found it in the Dungeon)

   [ring of evasion]

   It affects your evasion (+4).
   It protects you from fire.
   It protects you from negative energy.
   It makes you more stealthy.
 N - the ring "Jyotib" {rC- rCorr Str+6}
   (You found it in the Dungeon)

   [ring of resist corrosion]

   It affects your strength (+6).
   It makes you vulnerable to cold.
   It provides partial protection from all sources of acid and corrosion.
 O - the ring of the Original Sin {rPois MR+ Dex+3 SInv Stlth+}
   (You found it in the Dungeon)

   [ring of protection from magic]

   It affects your dexterity (+3).
   It protects you from poison.
   It affects your resistance to hostile enchantments.
   It lets you see invisible.
   It makes you more stealthy.
 P - the ring "Xaifuy" {+Fly rN+ Str+3}
   (You found it in the Dungeon)

   [ring of flight]

   It affects your strength (+3).
   It protects you from negative energy.
   It lets you fly.
 R - the ring of Puthraon {rPois rF+ MR+ Int-3}
   (You found it in the Dungeon)

   [ring of poison resistance]

   It affects your intelligence (-3).
   It protects you from fire.
   It protects you from poison.
   It affects your resistance to hostile enchantments.
 T - an uncursed ring of magical power
 U - an uncursed ring of magical power
 X - the ring "Ucwokas" {rF+ Int+4 SInv}
   (You found it in the Dungeon)

   [ring of protection from fire]

   It affects your intelligence (+4).
   It protects you from fire.
   It lets you see invisible.
 Y - the ring "Kiomeh" {rElec Stlth+}
   (You found it in the Dungeon)

   [ring of stealth]

   It insulates you from electricity.
   It makes you more stealthy.
Wands
 D - a wand of disintegration (7)
 E - a wand of iceblast (7)
 F - a wand of acid (7)
Scrolls
 k - 4 scrolls of blinking
 q - 4 scrolls of amnesia
 r - 7 scrolls of fog
 s - a scroll of holy word
 t - 5 scrolls of identify
 u - 5 scrolls of remove curse
 v - 2 scrolls of fear
 z - 4 scrolls of enchant armour
 V - 3 scrolls of brand weapon
Potions
 d - 8 potions of might
 e - 10 potions of curing
 g - 6 potions of heal wounds
 i - 5 potions of magic
 l - 2 potions of brilliance
 m - 2 potions of invisibility
 n - 4 potions of resistance
 p - 7 potions of stabbing
Comestibles
 f - 4 rations
 w - 3 chunks of flesh


   Skills:
 * Level 21.6 Fighting
 * Level 21.5 Long Blades
 * Level 18.7 Armour
 + Level 13.9 Dodging
 * Level 19.8 Shields
 * Level 23.0 Invocations


You had 16 spell levels left.
You didn't know any spells.
Your spell library was empty.

Dungeon Overview and Level Annotations

Branches:
Dungeon (1/1)

Altars:
Ashenzari
Cheibriados
Dithmenos
Elyvilon
Fedhas
Gozag
Hepliaklqana
Kikubaaqudgha
Makhleb
Nemelex Xobeh
Okawaru
Qazlal
Ru
Sif Muna
Trog
Uskayaw
Vehumet
Wu Jian
Xom
Yredelemnul
Zin
The Shining One
Beogh
Jiyva
Lugonu


Innate Abilities, Weirdness & Mutations

You cannot wear boots.
Your serpentine skin is tough. (AC +5)
You have supernaturally acute eyesight. (SInv)
Armour fits poorly on your strangely shaped body.
Your system is resistant to poisons. (rPois)
You cover ground very slowly.
You have a slow metabolism.
You can spit poison.
You can use your snake-like lower body to constrict enemies.
Your body often deteriorates upon taking damage.
Your magical capacity is low. (-10% MP)
You occasionally shout uncontrollably at your foes.
Your spells are easier to cast, but less powerful.


Message History

The titan is healed somewhat.
Unknown command.
Okay, then.
You can feel time thicken for a moment.
You kill the titan!
Cheibriados thoroughly appreciates the change of pace.
You kill the fire giant!
Cheibriados appreciates the change of pace.
You kill the frost giant!
Cheibriados thoroughly appreciates the change of pace.
You kill the fire giant!
Cheibriados thoroughly appreciates the change of pace.
Your Invocations skill increases to level 23!
You feel somewhat more hungry.
The titan waves its arms in wide circles.
The air twists around and strikes you!
* * * LOW HITPOINT WARNING * * *
The frost giant casts a spell at you. The bolt of cold hits you. You resist.
You die...

▓......8
..}|")}):[.[[..
▓..[}}"|
...(C...CCC.)..
▓...[.).
...)CC.(.).....
▓......|
...CC.CC..)....
▓.......
......C((C.C...
▓.......
.......).).....
▓....[..
.......).......
▓.......
.......@.......
▓......(
........(......
▓.......
......(........
▓...▓...
..▓.........▓..
▓..▓▓▓..
...............
▓...▓...
...............
▓.......
.......©.......
▓.......
▓▓▓▓▓▓▓▓▓▓▓▓▓▓▓
▓▓▓▓▓▓▓▓
▓......8


You could see 3 titans, 2 frost giants, 2 fire giants, 2 ettins and 4 cyclopes.

Vanquished Creatures
  An ancient lich (D)
  4 greater mummies (D)
  2 liches (D)
  A deep elf blademaster (D)
  9 quicksilver dragons (D)
  3 deep elf master archers (D)
  3 titans (D)
  A thorn hunter (D)
  A storm dragon (D)
  A balrug (D)
  3 frost giants (D)
  4 fire giants (D)
  A ghoul (D)
  2 spriggan defenders (D)
  A reaper (D)
  8 stone giants (D)
  5 very ugly things (D)
  3 ettins (D)
  2 mummy priests (D)
  6 crystal guardians (D)
  An ice dragon (D)
  6 spriggan air magi (D)
  A shambling mangrove (D)
  A dancing weapon (D)
  2 death scarabs (D)
  A spriggan berserker (D)
  A vampire mage (D)
  3 iron golems (D)
  A spriggan (D)
  A hell knight (D)
  A death drake (shapeshifter) (D)
  A deep elf knight (D)
  2 skeletal warriors (D)
  An unseen horror (shapeshifter) (D)
  2 spriggan druids (D)
  4 deep elf magi (D)
  4 necromancers (D)
  A cyclops (D)
  A manticore (shapeshifter) (D)
  2 shining eyes (D)
  6 ugly things (D)
  A cyclops (shapeshifter) (D)
  5 rust devils (D)
  A black mamba (shapeshifter) (D)
  An elephant (shapeshifter) (D)
  2 naga magi (D)
  2 black mambas (D)
  A gargoyle (D)
  2 rime drakes (shapeshifter) (D)
  2 freezing wraiths (D)
  2 tormentors (D)
  A komodo dragon (shapeshifter) (D)
  A dryad (D)
  3 ice devils (D)
  A yaktaur (shapeshifter) (D)
  7 guardian mummies (D)
  A merfolk (shapeshifter) (D)
  2 jumping spiders (D)
  2 red devils (D)
  2 trolls (shapeshifter) (D)
  A wind drake (shapeshifter) (D)
  4 wind drakes (D)
  4 hornets (D)
  A raiju (shapeshifter) (D)
  A slime creature (shapeshifter) (D)
  A slime creature (D)
  5 flying skulls (D)
  3 shadows (D)
  An air elemental (D)
  A tarantella (D)
  4 vampires (D)
  7 wraiths (D)
  A hog (shapeshifter) (D)
  5 ushabtiu (D)
  A fire elemental (D)
  A golden eye (shapeshifter) (D)
  6 neqoxecs (D)
  A golden eye (D)
  A soldier ant (shapeshifter) (D)
  5 insubstantial wisps (D)
  A floating eye (shapeshifter) (D)
  A porcupine (D)
  2 ice beasts (D)
  2 orc warriors (D)
  3 necrophages (D)
  An eye of draining (D)
  A phantom (D)
  4 earth elementals (D)
  2 scorpions (D)
  4 wights (D)
  A jelly (D)
  3 orc priests (D)
  An iron imp (D)
  An iguana (D)
  10 mummies (D)
  An adder (D)
  7 adder zombies (D)
  4 adder skeletons (D)
  An orc (D)
  A ball python (D)
  5 bat zombies (D)
  A bat simulacrum (D)
  A giant cockroach zombie (D)
  A jackal skeleton (D)
  3 leopard gecko skeletons (D)
  2 leopard gecko zombies (D)
  2 quokka skeletons (D)
  A quokka zombie (D)
  2 butterflies (D)
266 creatures vanquished.

Vanquished Creatures (others)
  A bat skeleton (D)
1 creature vanquished.

Grand Total: 267 creatures vanquished

Notes
Turn   | Place    | Note
-------+----------+-------------------------------------------
     0 | D        | Kidiri the Naga Fighter began the quest for the Orb.
     0 | D        | Reached XP level 1. HP: 21/21 MP: 1/1
     0 | D        | Found a shimmering blue altar of Sif Muna.
     0 | D        | Found a bloodstained altar of Trog.
     0 | D        | Found a sacrificial altar of Ru.
     0 | D        | Found a stormy altar of Qazlal.
     0 | D        | Found an iron altar of Okawaru.
     3 | D        | Found a sparkling altar of Nemelex Xobeh.
     4 | D        | Found the +6 Majin-Bo {vamp, Archmagi MP+6 Int+6}
     4 | D        | Found the +7 great mace "Firestarter" {inner flame, rF++}
     5 | D        | Found a blossoming altar of Fedhas.
     7 | D        | Found a transporter.
     7 | D        | Found an ancient bone altar of Kikubaaqudgha.
     7 | D        | Found a viscous altar of Jiyva.
     7 | D        | Found a corrupted altar of Lugonu.
     7 | D        | Found a hazy altar of Hepliaklqana.
     7 | D        | Found a burning altar of Makhleb.
     7 | D        | Found an opulent altar of Gozag.
    41 | D        | Found the +9 heavy crossbow "Sniper" {vorpal, Acc+∞ SInv}
    41 | D        | Found the +10 dark maul {vorpal}
    41 | D        | Found the +15 Maxwell's patent armour {-Cast -Tele rElec
                  | MR+ rCorr}
    41 | D        | Found the +18 shield of the Gong {rElec rN+ MR+ EV-5}
    41 | D        | Found the cursed +14 obsidian axe {vorpal, +Fly SInv
                  | *Curse}
    42 | D        | Found the +6 shillelagh "Devastator" {shatter}
    42 | D        | Found the +11 plutonium sword {*Contam Stlth-}
    42 | D        | Found the +8 lance "Wyrmbane" {slay drac, rPois rF+ rC+
                  | AC+3}
    42 | D        | Found the +9 sword of Zonguldrok {reap}
    42 | D        | Found the cursed +13 scythe of Curses {drain, *Curse}
    42 | D        | Found the +0 sword of Power
    42 | D        | Found the +7 mace of Variability {chain chaos}
    42 | D        | Found the +7 Singing Sword {vorpal, sonic wave}
    42 | D        | Found the +8 storm bow {elec, penet}
    53 | D        | Became a worshipper of Cheibriados the Contemplative
   102 | D        | Reached skill level 1 in Dodging
   102 | D        | Reached skill level 3 in Invocations
   102 | D        | Reached XP level 2. HP: 30/30 MP: 1/4
   114 | D        | Entered arena 2.
   114 | D        | Noticed a porcupine
   114 | D        | Found a transporter.
   118 | D        | Killed a porcupine
   118 | D        | Reached skill level 5 in Fighting
   118 | D        | Reached skill level 4 in Invocations
   118 | D        | Reached XP level 3. HP: 24/39 MP: 3/6
   118 | D        | Reached XP level 4. HP: 28/46 MP: 3/7
   120 | D        | Reached skill level 5 in Long Blades
   120 | D        | Reached XP level 5. HP: 32/52 MP: 3/8
   230 | D        | Entered arena 3.
   230 | D        | Noticed a soldier ant
   230 | D        | Noticed a hog
   230 | D        | Noticed a golden eye
   230 | D        | Found a transporter.
   233 | D        | Killed a golden eye
   233 | D        | Reached * piety under Cheibriados
   233 | D        | Reached skill level 5 in Armour
   233 | D        | Reached skill level 5 in Shields
   233 | D        | Reached skill level 6 in Invocations
   233 | D        | Reached XP level 6. HP: 63/63 MP: 5/10
   235 | D        | Killed a soldier ant
   237 | D        | Killed a hog
   237 | D        | Reached ** piety under Cheibriados
   237 | D        | Reached skill level 7 in Invocations
   237 | D        | Reached XP level 7. HP: 72/72 MP: 6/12
   273 | D        | Entered arena 4.
   273 | D        | Noticed a golden eye
   273 | D        | Noticed a slime creature
   273 | D        | Found a transporter.
   275 | D        | Killed a golden eye
   279 | D        | Reached *** piety under Cheibriados
   280 | D        | Killed a slime creature
   280 | D        | Reached skill level 8 in Invocations
   280 | D        | Reached XP level 8. HP: 70/81 MP: 8/14
   287 | D        | Got the ring of Rakhur {rElec rC+ MR+ Slay+4 Stlth+}
   295 | D        | Entered arena 5.
   295 | D        | Found a transporter.
   296 | D        | Reached **** piety under Cheibriados
   301 | D        | Reached ***** piety under Cheibriados
   305 | D        | Got the ring of the Shrike {rPois rC- MR++ Str+6 Stlth+}
   327 | D        | Entered arena 6.
   327 | D        | Noticed a jumping spider
   327 | D        | Noticed a tarantella
   327 | D        | Noticed a jumping spider
   327 | D        | Found a transporter.
   328 | D        | Killed a jumping spider
   328 | D        | Reached skill level 9 in Invocations
   328 | D        | Killed a jumping spider
   328 | D        | Reached XP level 9. HP: 91/91 MP: 15/15
   328 | D        | Reached ****** piety under Cheibriados
   350 | D        | Entered arena 7.
   350 | D        | Noticed a black mamba
   350 | D        | Noticed a naga mage
   350 | D        | Noticed a black mamba
   350 | D        | Noticed a naga mage
   351 | D        | Found the +12 glaive of Prune {vorpal}
   351 | D        | Found a transporter.
   352 | D        | Killed a black mamba
   352 | D        | Reached skill level 5 in Dodging
   352 | D        | Killed a black mamba
   352 | D        | Reached skill level 10 in Invocations
   353 | D        | Killed a naga mage
   353 | D        | Reached skill level 10 in Fighting
   355 | D        | Killed a naga mage
   388 | D        | Entered arena 8.
   389 | D        | Found a transporter.
   390 | D        | Reached skill level 10 in Long Blades
   390 | D        | Reached XP level 10. HP: 90/102 MP: 17/17
   441 | D        | Got the ring of the Lily {rF+ rN+ EV+4 Stlth+}
   451 | D        | Entered arena 9.
   451 | D        | Noticed a cyclops
   451 | D        | Noticed a cyan ugly thing
   451 | D        | Noticed a purple ugly thing
   451 | D        | Noticed a shining eye
   451 | D        | Noticed an unseen horror
   452 | D        | Killed an unseen horror
   452 | D        | Reached skill level 11 in Invocations
   453 | D        | Killed a cyan ugly thing
   453 | D        | Gained mutation: Your magical capacity is low. (-10% MP) [a
                  | shining eye]
   454 | D        | Killed a cyan ugly thing
   455 | D        | Found a transporter.
   456 | D        | Killed a cyclops
   456 | D        | Killed a shining eye
   544 | D        | Entered arena 10.
   544 | D        | Noticed a mummy priest
   544 | D        | Noticed a greater mummy
   545 | D        | Identified the +7 long sword of the Living Dead {flame,
                  | +Inv rElec rF++ SInv}
   545 | D        | Found a transporter.
   548 | D        | Noticed a shadow wraith
   549 | D        | Reached skill level 12 in Invocations
   549 | D        | Reached XP level 11. HP: 46/111 MP: 6/18
   549 | D        | Reached skill level 10 in Shields
   551 | D        | Noticed a flayed ghost
   551 | D        | Killed a mummy priest
   551 | D        | Reached skill level 10 in Armour
   556 | D        | Killed a greater mummy
   556 | D        | Reached skill level 13 in Invocations
   828 | D        | Entered arena 11.
   828 | D        | Noticed a green ugly thing
   828 | D        | Noticed a shining eye
   828 | D        | Noticed a cyan ugly thing
   828 | D        | Gained mutation: Your body sometimes deteriorates upon
                  | taking damage. [a neqoxec]
   829 | D        | Gained mutation: Your body often deteriorates upon taking
                  | damage. [a neqoxec]
   830 | D        | Killed a cyan ugly thing
   830 | D        | Reached XP level 12. HP: 113/126 MP: 13/20
   830 | D        | Gained mutation: You occasionally shout uncontrollably at
                  | your foes. [a shining eye]
   831 | D        | Found a transporter.
   833 | D        | Gained mutation: Your spells are a little easier to cast,
                  | but a little less powerful. [a shining eye]
   834 | D        | Gained mutation: Your spells are easier to cast, but less
                  | powerful. [a shining eye]
   909 | D        | Got the ring "Jyotib" {rC- rCorr Str+6}
   916 | D        | Entered arena 12.
   916 | D        | Noticed a storm dragon
   917 | D        | Found the +8 whip "Snakebite" {curare, rPois}
   917 | D        | Noticed a spriggan air mage
   919 | D        | Killed a spriggan air mage
   919 | D        | Reached skill level 14 in Invocations
   925 | D        | Killed a storm dragon
   926 | D        | Found a transporter.
   940 | D        | Got the +6 storm dragon scales "Suymo" {rElec rC++ rN+}
  1033 | D        | Entered arena 13.
  1033 | D        | Noticed a deep elf master archer
  1033 | D        | Noticed a deep elf master archer
  1033 | D        | Noticed a deep elf blademaster
  1034 | D        | Identified the +8 dire flail of Garisum {drain, rElec
                  | Int+5}
  1034 | D        | Noticed a deep elf knight
  1034 | D        | Noticed a deep elf master archer
  1036 | D        | Killed a deep elf knight
  1037 | D        | Killed a deep elf blademaster
  1037 | D        | Reached skill level 15 in Invocations
  1037 | D        | Killed a deep elf master archer
  1037 | D        | Gained mutation: You can use your snake-like lower body to
                  | constrict enemies. [Naga growth]
  1037 | D        | Reached XP level 13. HP: 136/136 MP: 10/22
  1037 | D        | Killed a deep elf master archer
  1037 | D        | Killed a deep elf master archer
  1130 | D        | Found a transporter.
  1157 | D        | Entered arena 14.
  1158 | D        | Noticed a reaper
  1161 | D        | Reached skill level 15 in Fighting
  1161 | D        | Reached skill level 16 in Invocations
  1162 | D        | Found a transporter.
  1164 | D        | Killed a reaper
  1164 | D        | Reached skill level 15 in Long Blades
  1181 | D        | Got the ring of Puthraon {rPois rF+ MR+ Int-3}
  1185 | D        | Entered arena 15.
  1186 | D        | Noticed an ice dragon
  1189 | D        | Killed an ice dragon
  1191 | D        | Found a transporter.
  1352 | D        | Entered arena 16.
  1353 | D        | Noticed a mummy priest
  1353 | D        | Noticed a greater mummy
  1356 | D        | Killed a mummy priest
  1363 | D        | Killed a greater mummy
  1363 | D        | Reached skill level 10 in Dodging
  1363 | D        | Reached XP level 14. HP: 82/150 MP: 4/23
  1364 | D        | Reached skill level 17 in Invocations
  1369 | D        | Found a transporter.
  1375 | D        | Got the ring of the Original Sin {rPois MR+ Dex+3 SInv
                  | Stlth+}
  1581 | D        | Entered arena 17.
  1584 | D        | Noticed a greater mummy
  1585 | D        | Noticed a greater mummy
  1588 | D        | Noticed an emperor scorpion
  1588 | D        | Noticed an emperor scorpion
  1593 | D        | Killed a greater mummy
  1593 | D        | Reached skill level 15 in Shields
  1593 | D        | Killed a greater mummy
  1593 | D        | HP: 2/151 [something (10)]
  1829 | D        | Found a transporter.
  1866 | D        | Entered arena 18.
  1869 | D        | Noticed a thorn hunter
  1869 | D        | Noticed a spriggan defender
  1869 | D        | Noticed a spriggan defender
  1870 | D        | Reached skill level 18 in Invocations
  1871 | D        | Killed a spriggan defender
  1871 | D        | Killed a spriggan defender
  1872 | D        | Killed a thorn hunter
  1872 | D        | Reached skill level 15 in Armour
  1875 | D        | Reached XP level 15. HP: 46/160 MP: 5/25
  2192 | D        | Found a transporter.
  2226 | D        | Entered arena 19.
  2231 | D        | Paralysed by a floating eye for 3 turns
  2235 | D        | Reached skill level 19 in Invocations
  2238 | D        | Found a transporter.
  2588 | D        | Entered arena 20.
  2593 | D        | Noticed a lich
  2593 | D        | Identified the cursed +0 leather armour of Going Fast
                  | {rCorr Str+4}
  2593 | D        | Noticed an ancient lich
  2593 | D        | Noticed a ghoul
  2594 | D        | Noticed a lich
  2596 | D        | Killed a lich
  2597 | D        | Killed a lich
  2600 | D        | Killed an ancient lich
  2600 | D        | Reached skill level 20 in Invocations
  2602 | D        | Killed a ghoul
  2701 | D        | Found a transporter.
  2736 | D        | Got the amulet of Popuamaz {RegenMP Dex+3 SInv Stlth-}
  2740 | D        | Got the ring "Okkoso" {rPois Int+5}
  2765 | D        | Entered arena 21.
  2769 | D        | Noticed a quicksilver dragon
  2770 | D        | Noticed a quicksilver dragon
  2770 | D        | Noticed a quicksilver dragon
  2770 | D        | Noticed a quicksilver dragon
  2770 | D        | Noticed a quicksilver dragon
  2770 | D        | Noticed a quicksilver dragon
  2770 | D        | Noticed a quicksilver dragon
  2770 | D        | Noticed a quicksilver dragon
  2770 | D        | Noticed a quicksilver dragon
  2772 | D        | Killed a quicksilver dragon
  2772 | D        | Killed a quicksilver dragon
  2772 | D        | Killed a quicksilver dragon
  2772 | D        | Reached XP level 16. HP: 128/176 MP: 21/27
  2772 | D        | Killed a quicksilver dragon
  2772 | D        | Killed a quicksilver dragon
  2772 | D        | Killed a quicksilver dragon
  2772 | D        | Killed a quicksilver dragon
  2772 | D        | Reached skill level 21 in Invocations
  2772 | D        | Killed a quicksilver dragon
  2773 | D        | Killed a quicksilver dragon
  3074 | D        | Found a transporter.
  3085 | D        | Got the ring "Niepusetay" {Ice +Inv Str+4 Int-4}
  3088 | D        | Got the ring of Atheism {rElec rC+ MR+ MP+9 Int-4 SInv}
  3104 | D        | Got the ring "Louterek" {*Drain +Fly rC++ MR+++}
  3106 | D        | Got the ring "Xaifuy" {+Fly rN+ Str+3}
  3133 | D        | Entered arena 22.
  3140 | D        | Found the +8 demon blade "Leech" {vamp, *Rage +Rage rN+}
  3144 | D        | Found a transporter.
  3152 | D        | Got the ring "Ucwokas" {rF+ Int+4 SInv}
  3197 | D        | Got the ring "Kiomeh" {rElec Stlth+}
  3239 | D        | Entered arena 23.
  3245 | D        | Noticed a titan
  3245 | D        | Noticed a titan
  3245 | D        | Noticed a titan
  3245 | D        | Noticed a titan
  3246 | D        | Found the +8 orange crystal plate armour {Archmagi, Int+3
                  | Clar}
  3247 | D        | Noticed a titan
  3248 | D        | Reached skill level 22 in Invocations
  3248 | D        | HP: 4/180 [frost giant/bolt of cold (18)]
  3249 | D        | Noticed a titan
  3250 | D        | Killed a titan
  3250 | D        | Killed a titan
  3250 | D        | Reached XP level 17. HP: 29/189 MP: 12/29
  3250 | D        | HP: 1/189 [frost giant/bolt of cold (15)]
  3252 | D        | Killed a titan
  3252 | D        | Reached skill level 23 in Invocations
  3252 | D        | Killed from afar by a frost giant

Illustrated notes

Levels and vault maps discovered:
D:        sprint_v [room_start, room_1, room_2, room_3, room_4, room_5, room_6,
          room_7, room_8, room_9, room_10, room_11, room_12, room_13, room_14,
          room_15, room_16, room_17, room_18, room_19, room_20, room_21,
          room_22, room_23, room_24, room_25, room_26, room_27]

Skill      XL: |  1  2  3  4  5  6  7  8  9 10 11 12 13 14 15 16 17 |
---------------+----------------------------------------------------+-----
Fighting       | 4 5 6 7 8 9 10 11 13 14 16 17 19 21 | 21.6
Long Blades    | 3 4 5 6 7 8 10 11 12 14 15 17 19 21 | 21.5
Armour         | 3 4 5 6 7 8 9 11 12 13 15 16 18 | 18.7
Dodging        | 1 2 3 4 5 6 7 8 10 11 12 13 | 13.9
Shields        | 3 4 5 6 7 8 9 11 12 14 16 18 19 | 19.8
Invocations    | 3 4 6 7 8 9 10 12 13 15 16 18 20 22 23 | 23.0

Action                   |  1- 3 |  4- 6 |  7- 9 | 10-12 | 13-15 | 16-18 || total
-------------------------+-------+-------+-------+-------+-------+-------++-------
Melee: Double sword      |     3 |     7 |    13 |     7 |       |       ||    30
       Long sword        |       |       |       |     9 |    19 |     6 ||    34
       Constrict         |       |       |       |       |     6 |     2 ||     8
Invok: Bend Time         |       |     1 |       |       |       |       ||     1
       Temporal Distorti |       |       |     1 |       |       |       ||     1
       Slouch            |       |       |     3 |    13 |    31 |    15 ||    62
 Abil: Evoke Invisibilit |       |       |       |     1 |       |       ||     1
Evoke: Tin of tremorston |       |       |       |       |     1 |       ||     1
  Use: Potion            |     1 |       |       |     1 |     1 |     4 ||     7
  Eat: Chunk             |       |       |       |     2 |       |       ||     2
       Ration            |       |       |       |       |     2 |     1 ||     3
Armor: Plate armour      |       |     1 |     4 |     8 |    25 |     3 ||    41
Dodge: Dodged            |       |       |       |     3 |    21 |     9 ||    33
Block: Kite shield       |     7 |    12 |    20 |    29 |    70 |    37 ||   175
       Rpst.: Long sword |       |       |       |       |     4 |       ||     4

Table legend:
 A = Non-vault XP
 B = Vault XP
 C = Vault XP percentage of total XP
 D = Non-vault monster count
 E = Vault monster count
 F = Vault count percentage of total count
                 A         B        C        D         E       F
            +---------+---------+-------+---------+---------+-------
      Total |    1106 |  194252 |  99.4 |       4 |     260 |  98.5
            +---------+---------+-------+---------+---------+-------
          D |    1106 |  194252 |  99.4 |       4 |     260 |  98.5
            +---------+---------+-------+---------+---------+-------
